 Dungeon Crawl Stone Soup version 0.28.0 (webtiles) character file.

Game seed: 17148311684830064299

31 crazypyro the Skirmisher (level 3, -2/40 HPs)
             Began as an Ogre Monk on Feb 14, 2022.
             Slain by an adder (4 damage)
             ... on level 2 of the Dungeon.
             The game lasted 00:01:54 (1622 turns).

crazypyro the Skirmisher (Ogre Monk)                Turns: 1622, Time: 00:01:54

Health: -2/40      AC:  3    Str: 17    XL:     3   Next: 22%
Magic:  3/3        EV: 10    Int: 11    God:
Gold:   45         SH:  0    Dex: 11    Spells: 2/2 levels left

rFire   . . .      SeeInvis .   a - +0 mace
rCold   . . .      Faith    .   (no shield)
rNeg    . . .      Spirit   .   b - +0 robe
rPois   .          Reflect  .   (helmet restricted)
rElec   .          Harm     .   (no cloak)
rCorr   .          Rampage  .   (gloves unavailable)
Will    .....                   (boots unavailable)
Stlth   ++........              (no amulet)
HPRegen 0.13/turn               (no ring)
MPRegen 0.08/turn               (no ring)

@: lethally poisoned (-2 -> -8)
A: large, unfitting armour, tough skin 1
a: no special abilities


You were on level 2 of the Dungeon.
You visited 1 branch of the dungeon, and saw 2 of its levels.

You collected 45 gold pieces.

Inventory:

Hand Weapons
 a - a +0 mace (weapon)
Armour
 b - a +0 robe (worn)
Jewellery
 c - a ring of resist corrosion
Scrolls
 d - a scroll of amnesia {unknown}
 f - a scroll of identify {unknown}
 h - 2 scrolls of vulnerability {unknown}
Potions
 e - a potion of flight {unknown}
 g - a potion of might {unknown}
 i - 2 potions of brilliance {unknown}


   Skills:
 + Level 4.4 Fighting
 + Level 3.0 Maces & Flails
 + Level 3.0 Dodging
 + Level 1.9 Stealth


You had 2 spell levels left.
You didn't know any spells.
Your spell library was empty.

Dungeon Overview and Level Annotations

Branches:
Dungeon (2/15)

Altars:
Elyvilon

Annotations:
D:2 Jessica


Innate Abilities, Weirdness & Mutations

You are too large for most types of armour.
You have tough skin. (AC +1)


Message History

You feel sick. The adder bites you. The adder closely misses you.
You miss the adder.
The adder is lightly wounded.
You feel sick. The adder bites you.
You hit the adder.
The adder is lightly wounded.
You feel sick.
You are no longer poisoned.
The adder bites you but does no damage. The adder bites you.
You miss the adder.
The adder is lightly wounded.
The adder closely misses you. The adder barely misses you.
You closely miss the adder.
The adder is lightly wounded.
The adder bites you.
You hit the adder but do no damage.
The adder is lightly wounded.
The adder bites you.
* * * LOW HITPOINT WARNING * * *
The adder barely misses you.
You barely miss the adder.
The adder is lightly wounded.
The adder closely misses you.
You sock the adder!
The adder is almost dead.
The adder bites you.
* * * LOW HITPOINT WARNING * * *
You are poisoned.
The adder poisons you! The adder bites you but does no damage.
You barely miss the adder.
The adder is almost dead.
You feel sick. The adder bites you but does no damage. The adder bites you.
* * * LOW HITPOINT WARNING * * *
You are more poisoned.
The adder poisons you!
You closely miss the adder.
The adder is almost dead.
* * * LOW HITPOINT WARNING * * *
You feel sick. The adder bites you.
You die...

##.#
#.....######...##
##.#
......#...##..##
...
#..........#.##
#..
#............#
#..
...........###
.... @#####....##
#.#w## #.#S#
..#@# ##.#.#
....# #.### #. .
##


You could see a worm and an adder.

Vanquished Creatures
  A dart slug (D:2)
  A bat (D:1)
  4 endoplasms
  5 hobgoblins (D:1)
  3 quokkas
  4 ball pythons
  2 frilled lizards (D:1)
  3 kobolds (D:2)
  4 rats (D:1)
27 creatures vanquished.

Notes
Turn   | Place    | Note
-------+----------+-------------------------------------------
     0 | D:1      | crazypyro the Ogre Monk began the quest for the Orb.
     0 | D:1      | Reached XP level 1. HP: 24/24 MP: 1/1
   231 | D:1      | Reached XP level 2. HP: 18/32 MP: 2/2
  1264 | D:2      | Reached XP level 3. HP: 40/40 MP: 3/3
  1481 | D:2      | Found a white marble altar of Elyvilon.
  1595 | D:2      | Noticed Jessica
  1622 | D:2      | HP: 2/40 [poisoned by an adder]
  1622 | D:2      | Slain by an adder

Illustrated notes

Levels and vault maps discovered:
D:1:      kilobyte_arrival_exit_the_forest, layout_loops_ring, st_stairs_5
D:2:      layout_loops_cross, basic_altar, minivault_24, uniq_jessica

Skill      XL: |  1  2  3 |
---------------+----------+-----
Dodging        | 3 |  3.0
Maces & Flails | 3 |  3.0
Fighting       | |  4.4
Stealth        | |  1.9

Action                   || total
-------------------------++-------
Melee: Mace              ||    92
       Punch             ||     1
 Stab: Sleeping          ||     5
       Distracted        ||     1
Armor: Robe              ||    19
Dodge: Dodged            ||    61
